 Dungeon Crawl Stone Soup version 0.28-a0-1395-g4f6bc678fa (webtiles) character file.

Game seed: 18154222479669510487

35 Gwenloh the Skirmisher (level 3, 0/27 (29) HPs)
             Began as a Formicid Abyssal Knight on Jan 4, 2022.
             Was a Follower of Lugonu.
             Frozen to death by an endoplasm (5 damage)
             ... on level 1 of the Dungeon.
             The game lasted 00:02:39 (1412 turns).

Gwenloh the Skirmisher (Formicid Abyssal Knight)    Turns: 1412, Time: 00:02:40

HP:   0/27 (29)     AC:  3    Str: 17    XL:     3   Next: 55%
MP:   4/4           EV: 11    Int:  9    God:    Lugonu [*.....]
Gold: 58            SH:  0    Dex: 13    Spells: 2/2 levels left

rFire   . . .      SeeInvis +   a - +1 hand axe
rCold   . . .      Faith    .   (no shield)
rNeg    . . .      Spirit   .   b - +0 leather armour
rPois   .          Reflect  .   (helmet unavailable)
rElec   .          Harm     .   (no cloak)
rCorr   .          Rampage  .   (no gloves)
Will    .....                   (no boots)
Stlth   +.........              (no amulet)
HPRegen 0.09/turn               (no ring)
MPRegen 0.09/turn               (no ring)

@: drained
A: permanent stasis, dig shafts and tunnels, antennae 3, four strong arms
a: Dig, Shaft Self, Renounce Religion, Depart the Abyss


You were on level 1 of the Dungeon.
You worshipped Lugonu.
Lugonu was aware of your devotion.
You visited 1 branch of the dungeon, and saw 1 of its levels.
You visited the Abyss 1 time.

You collected 58 gold pieces.

Inventory:

Hand Weapons
 a - a +1 hand axe (weapon)
Missiles
 c - 35 stones (quivered)
Armour
 b - a +0 leather armour (worn)
Scrolls
 e - 2 scrolls of identify {unknown}
Potions
 d - a potion of might {unknown}
 f - 2 potions of curing {unknown}


   Skills:
 + Level 3.6 Fighting
 * Level 2.5 Axes
 + Level 2.6 Armour
 + Level 1.3 Dodging
 + Level 2.6 Invocations


You had 2 spell levels left.
You didn't know any spells.
Your spell library was empty.

Dungeon Overview and Level Annotations

Branches:
Dungeon (1/15)

Altars:


Innate Abilities, Weirdness & Mutations

You cannot be hasted, slowed, berserked, paralysed or teleported.
You can dig through walls and to a lower floor.
You have a pair of large antennae on your head. (SInv)
Your four strong arms can wield two-handed weapons with a shield.


Message History

The jackal bites you but does no damage.
You hit the jackal.
The jackal is heavily wounded.
The jackal bites you.
* * * LOW HITPOINT WARNING * * *
The jackal bites you but does no damage.
You closely miss the jackal.
The jackal is heavily wounded.
The jackal bites you but does no damage.
You barely miss the jackal.
The jackal is heavily wounded.
The jackal bites you but does no damage.
The jackal closely misses you.
You hit the jackal.
You kill the jackal!
Lugonu accepts your kill.
You barely miss the giant cockroach.
The giant cockroach bites you but does no damage.
The giant cockroach bites you.
* * * LOW HITPOINT WARNING * * *
The giant cockroach bites you but does no damage.
The jackal stops to sniff the ground.
The giant cockroach bites you but does no damage.
The jackal stops to sniff the ground.
You extend your mandibles.
You dig through the rock wall.
You feel drained. The giant cockroach bites you.
* * * LOW HITPOINT WARNING * * *
You retract your mandibles.
The giant cockroach bites you but does no damage.
The endoplasm barely misses you.
You hit the endoplasm.
The endoplasm is heavily wounded.
You hit the giant cockroach. The giant cockroach misses you.
The endoplasm freezes you.
You are frozen.
* * * LOW HITPOINT WARNING * * *
The giant cockroach closely misses you. The endoplasm freezes you.
You are frozen.
You die...

###.#..............# #......#..#
....+∩.....∩..8..∩.####......#..#
###.#........#..##...........#..#
###.#.####.#.#.###.####..#...#..#
................................#
###.#.........).........##...#..#
#.#..###############..........#
#.#..#..........h..#..#...>....
###.#..#{.r.....@J.h.#..#........
.......# .......J.B..w..#........
###.#..#######'#######..#........
###.#..#.............#..#........
.......'⌠....###....⌠'w)#........
.......#......<......#..').......
.......#{.⌠...>...⌠..#..#........
.......###'#######+###..#........
###.#......†.....hh.....#........


You could see a worm, 2 endoplasms, 2 jackals, a giant cockroach and a rat.

Vanquished Creatures
  2 ball pythons (D:1)
  An endoplasm (D:1)
  2 giant cockroaches (D:1)
  3 goblins (D:1)
  2 hobgoblins (D:1)
  5 jackals (D:1)
  4 kobolds (D:1)
  A quokka (D:1)
  2 bats (D:1)
  2 frilled lizards (D:1)
  8 rats (D:1)
32 creatures vanquished.

Notes
Turn   | Place    | Note
-------+----------+-------------------------------------------
     0 | Abyss:1  | Gwenloh the Formicid Abyssal Knight began the quest for the
                  | Orb.
     0 | Abyss:1  | Reached XP level 1. HP: 18/18 MP: 2/2
    20 | Abyss:1  | Found a corrupted altar of Lugonu.
    35 | Abyss:1  | Noticed a great orb of eyes
    37 | D:1      | Escaped the Abyss
    51 | D:1      | Found a runed translucent door.
   104 | D:1      | Reached skill level 1 in Dodging
   120 | D:1      | Reached XP level 2. HP: 14/24 MP: 3/3
   122 | D:1      | Reached * piety under Lugonu
   436 | D:1      | Found a faded altar of an unknown god.
   720 | D:1      | Reached XP level 3. HP: 29/29 MP: 4/4
  1412 | D:1      | Frozen to death by an endoplasm

Illustrated notes

Levels and vault maps discovered:
D:1:      dpeg_arrival_caged_fury, layout_basic,
          hellmonk_ecumenical_altar_arch_garden

Skill      XL: |  1 |
---------------+----+-----
Dodging        | 1 |  1.3
Fighting       | |  3.6
Axes           | |  2.5
Armour         | |  2.6
Invocations    | |  2.6

Action                   || total
-------------------------++-------
Melee: Hand axe          ||   105
Throw: Stone             ||    44
Invok: Depart the Abyss  ||     1
 Abil: Dig               ||     1
Armor: Leather armour    ||    30
Dodge: Dodged            ||    67

Table legend: (Time is in decaauts)
 A = Elapsed time spent in this place.
 B = Non-inter-level travel time spent in this place.
 C = Inter-level travel time spent in this place.
 D = Time resting spent in this place.
 E = Time spent auto-exploring this place.
 F = Levels seen in this place.
 G = Mean time per level.
                   A        B        C        D        E       F      G
               +--------+--------+--------+--------+--------+-----+--------+
         Total |   1439 |   1439 |      0 |    253 |    900 |   2 |  719.5 |
       Dungeon |   1398 |   1398 |      0 |    253 |    866 |   1 | 1398.0 |
         Abyss |     40 |     40 |      0 |      0 |     34 |   1 |   40.0 |
               +--------+--------+--------+--------+--------+-----+--------+

Top non-repeatable levels by time:
     D:1: 1398 daAuts
 Abyss:1: 40 daAuts
